 Dungeon Crawl Stone Soup version 0.19.0-20-gbc5f0c6 (webtiles) character file.

71218 Monkfish the Imperceptible (level 15, -23/98 HPs)
             Began as a Kobold Berserker on Nov 18, 2016.
             Was a High Priest of Trog.
             Annihilated by a white ugly thing (31 damage)
             ... on level 12 of the Dungeon.
             The game lasted 00:46:01 (19299 turns).

Monkfish the Imperceptible (Kobold Berserker)      Turns: 19299, Time: 00:46:02

Health: -23/98     AC: 11    Str: 24    XL:     15   Next: 81%
Magic:  26/26      EV: 24    Int:  8    God:    Trog [*****.]
Gold:   2124       SH:  0    Dex: 18    Spells: 0 memorised, 14 levels left

rFire  . . .     SeeInvis +     y - +4 rapier (drain)
rCold  . . .     Gourm    .     e - +1 ring mail of Dytueff {MR- rCorr MP+9 SInv}
rNeg   . . .     Faith    +     (shield restricted)
rPois  .         Spirit   .     D - +0 hat
rElec  .         Reflect  .     F - +2 cloak
rCorr  +         Harm     .     J - +0 pair of gloves {Str+3}
MR     +....                    g - +0 pair of boots
Stlth  +++++++...               O - amulet of faith
                                h - +3 ring of strength
                                E - ring of protection from magic

@: exhausted, vulnerable, regenerating, slowed, very slow
A: carnivore 3
a: Berserk, Trog's Hand, Brothers in Arms, Burn Spellbooks, Renounce Religion


You were on level 12 of the Dungeon.
You worshipped Trog.
Trog was extremely pleased with you.
You were not hungry.

You visited 3 branches of the dungeon, and saw 22 of its levels.

You collected 2564 gold pieces.
You spent 440 gold pieces at shops.

Inventory:

Hand Weapons
 f - a +7 antimagic quick blade
 m - a +5 dagger of venom
 y - a +4 rapier of draining (weapon)
Missiles
 s - 6 needles of sleeping
Armour
 d - the +5 ring mail "Xabun" {rF+}
   (You found it on level 9 of the Dungeon)

   It protects you from fire.
 e - the +1 ring mail of Dytueff (worn) {MR- rCorr MP+9 SInv}
   (You found it on level 6 of the Dungeon)

   It affects your resistance to hostile enchantments.
   It affects your magic capacity (+9).
   It lets you see invisible.
   It protects you from acid and corrosion.
 g - a +0 pair of boots (worn)
 D - a +0 hat (worn)
 F - a +2 cloak (worn)
 J - a +0 pair of gloves of strength (worn)
 R - +0 ice dragon scales
Jewellery
 h - a +3 ring of strength (right hand)
 p - an uncursed ring of poison resistance
 t - a +2 ring of slaying
 u - an uncursed ring of positive energy
 A - an uncursed ring of resist corrosion
 C - an uncursed ring of flight
 E - a ring of protection from magic (left hand)
 N - an uncursed amulet of guardian spirit
 O - an amulet of faith (around neck)
Wands
 a - a wand of flame (28/48)
 k - a wand of confusion (29/48)
 w - a wand of disintegration (8/24)
 x - a wand of paralysis (13/24)
 B - a wand of digging (10/24)
 I - a wand of iceblast (0/15)
 K - a wand of paralysis (13/24)
 S - a wand of paralysis (6/24)
Scrolls
 b - 7 scrolls of remove curse
 j - 5 scrolls of fear
 l - 4 scrolls of teleportation
 q - a scroll of fog
 r - a scroll of blinking
 P - a scroll of recharging
 Q - 4 scrolls of identify
 T - a scroll of magic mapping
 U - a scroll of summoning
Potions
 i - 4 potions of flight
 n - 5 potions of haste
 o - 5 potions of agility
 v - a potion of curing
 G - 2 potions of magic
 H - a potion of cure mutation
Comestibles
 c - 10 meat rations
 z - 2 beef jerkies
 L - 2 slices of pizza
 M - 15 royal jellies


   Skills:
 + Level 13.1 Fighting
 - Level 16.3 Short Blades
 - Level 1.5 Armour
 * Level 13.4 Dodging
 + Level 21.3 Stealth
 + Level 3.9 Evocations


You had 14 spell levels left.
You didn't know any spells.

Dungeon Overview and Level Annotations

Branches:
Dungeon (14/15)            Temple (0/1) D:6            Lair (6/6) D:8
 Shoals (0/4) Lair:3       Spider (0/4) Lair:4        Slime (0/5) Lair:6
    Orc (2/2) D:10            Elf (0/3) Orc:2
 Vaults: D:13-14

Altars:
Ashenzari
Elyvilon
Fedhas
Gozag
Hepliaklqana
Kikubaaqudgha
Makhleb
Nemelex Xobeh
Okawaru
Ru
Sif Muna
Trog
Xom
Zin
Beogh

Shops:
Orc:2 ([=

Portals:
Hell: Lair:6

Annotations:
Lair:6 exclusion: door


Innate Abilities, Weirdness & Mutations

You are small and have problems with some larger weapons.
You are carnivorous and can eat meat at any time.


Message History

Items here: ( ) [ † 6 large rocks; a war axe; a leather armour; a cyclops corpse
Okay, then.
You feel better. The troll completely misses you. The troll misses you.
The troll completely misses you.
You puncture the troll! You drain the troll!
The troll is severely wounded.
The troll completely misses you. x3
You puncture the troll!
You kill the troll!
Trog accepts your kill.
The troll leather armour is intact enough to wear.
A white ugly thing comes into view.
You barely miss the white ugly thing. The white ugly thing barely misses you.
You hit the white ugly thing.
The white ugly thing is lightly wounded.
The white ugly thing claws you!
* * * LOW HITPOINT WARNING * * *
The white ugly thing freezes you!!
You die...

................
................
.../............
.(..............
......(.........
................
#######[##########
#.....u.().......#
##..##@###########
#......#
.....##..#
####.##..# #.##..#
#.##..# #.#...##
#..#...##
#.....#.#


You could see a white ugly thing.

Vanquished Creatures
  Rupert (D:12)
  Gastronok (Lair:3)
  2 orc warlords
  The ghost of Vajrapani the Fighter, a journeyman DrTm of Nemelex Xobeh (Orc:1)
  A dire elephant (Lair:6)
  Josephine (Lair:4)
  2 ice dragons (Lair:5)
  Harold (Lair:4)
  6 hydras
  A catoblepas (Lair:3)
  An orc high priest (Orc:2)
  Nergalle (Lair:4)
  A sun demon (Lair:6)
  A wizard (Lair:6)
  A phantasmal warrior (D:12)
  3 orc knights (Orc:2)
  3 hill giants
  4 orc sorcerers
  An ugly thing (D:8)
  A cyclops (D:12)
  A manticore (Lair:3)
  Joseph (D:7)
  A smoke demon (Lair:6)
  7 black mambas
  3 orange demons (Lair:6)
  17 spiny frogs
  The ghost of leglesslizard the Firebug, a novice DgFE (D:6)
  5 komodo dragons
  2 ice devils (Lair:6)
  A hellwing (Lair:6)
  9 rime drakes
  3 trolls
  2 red devils (Lair:6)
  A queen bee (Lair:3)
  A meliai (D:12)
  A polar bear (Lair:4)
  27 blink frogs
  2 slime creatures (Lair:6)
  8 hippogriffs
  13 dream sheep
  4 wyverns
  6 wraiths
  37 yaks
  A hungry ghost (D:12)
  A steam dragon (D:12)
  4 basilisks
  9 wargs (Orc:2)
  Menkaure (D:7)
  A soldier ant (D:10)
  12 water moccasins
  Edmund (D:4)
  2 hell hounds (Lair:6)
  4 porcupines
  17 ice beasts
  4 phantoms
  A black bear (Lair:4)
  24 orc warriors
  11 ogres
  10 wolves
  5 centaurs
  15 crocodiles
  Blork the orc (D:4)
  2 big kobolds
  11 bullfrogs
  45 killer bees
  3 scorpions
  An electric eel (Lair:2)
  2 crimson imps (D:8)
  A howler monkey (D:7)
  2 centaur zombies
  15 orc priests
  A centaur skeleton (D:9)
  5 bullfrog skeletons
  2 hounds
  3 iguanas
  7 jellies
  20 orc wizards
  11 worker ants
  Natasha (twice) (D:3)
  A hound skeleton (D:8)
  16 adders
  3 gnolls (D:3)
  5 river rats (D:8)
  2 shadow imps
  An ooze (D:2)
  An adder skeleton (D:7)
  A worm (D:5)
  2 dart slugs
  3 leopard geckos
  61 orcs
  6 giant cockroaches
  13 hobgoblins
  2 jackals (D:6)
  14 kobolds
  2 quokkas
  15 bats
  5 frilled lizards
  7 goblins
  A leopard gecko skeleton (D:3)
  22 rats
  2 fungi
629 creatures vanquished.

Vanquished Creatures (others)
  10 fungi
  A plant (D:8)
11 creatures vanquished.

Grand Total: 640 creatures vanquished

Notes
Turn   | Place    | Note
-------+----------+-------------------------------------------
     0 | D:1      | Monkfish the Kobold Berserker began the quest for the Orb.
     0 | D:1      | Reached XP level 1. HP: 14/14 MP: 1/1
    49 | D:1      | Reached skill level 1 in Stealth
    62 | D:1      | Reached XP level 2. HP: 12/19 MP: 2/2
   292 | D:1      | Reached XP level 3. HP: 13/23 MP: 3/3
   399 | D:1      | Reached ** piety under Trog
   409 | D:1      | Reached skill level 2 in Stealth
   651 | D:2      | Reached XP level 4. HP: 29/29 MP: 4/4
   739 | D:2      | Reached skill level 3 in Stealth
   894 | D:2      | Reached skill level 5 in Short Blades
  1311 | D:2      | Found a hazy altar of Hepliaklqana.
  1354 | D:2      | Found a faded altar of an unknown god.
  1354 | D:2      | Found a sparkling altar of Nemelex Xobeh.
  1360 | D:2      | Found a faded altar of an unknown god.
  1362 | D:2      | Found a faded altar of an unknown god.
  1364 | D:2      | Found a faded altar of an unknown god.
  1461 | D:3      | Found a shimmering altar of Xom.
  1500 | D:3      | Reached XP level 5. HP: 33/33 MP: 5/5
  1805 | D:3      | Found a white marble altar of Elyvilon.
  1808 | D:3      | Reached skill level 4 in Stealth
  1809 | D:3      | Noticed Natasha
  1820 | D:3      | Killed Natasha
  2046 | D:3      | Reached XP level 6. HP: 38/38 MP: 6/6
  2058 | D:3      | Reached *** piety under Trog
  2149 | D:3      | Found a sacrificial altar of Ru.
  2190 | D:3      | Noticed Natasha
  2211 | D:3      | Killed Natasha
  2560 | D:4      | Found a shattered altar of Ashenzari.
  2742 | D:4      | Noticed Blork the orc
  2756 | D:4      | Killed Blork the orc
  2756 | D:4      | Reached skill level 5 in Fighting
  2756 | D:4      | Reached XP level 7. HP: 23/44 MP: 7/7
  3034 | D:4      | Reached skill level 5 in Stealth
  3096 | D:4      | Noticed Edmund
  3110 | D:4      | Killed Edmund
  3123 | D:4      | Reached XP level 8. HP: 49/49 MP: 8/8
  3268 | D:5      | Entered Level 5 of the Dungeon
  3286 | D:5      | Found a burning altar of Makhleb.
  3654 | D:5      | Reached skill level 6 in Stealth
  3934 | D:5      | Found a deep blue altar of Sif Muna.
  4256 | D:6      | Reached skill level 5 in Dodging
  4256 | D:6      | Reached skill level 7 in Stealth
  4282 | D:6      | Reached XP level 9. HP: 47/55 MP: 9/9
  4455 | D:6      | Noticed leglesslizard's ghost (novice DgFE)
  4455 | D:6      | Found a bloodstained altar of Trog.
  4592 | D:6      | Killed leglesslizard's ghost
  4592 | D:6      | Reached skill level 10 in Short Blades
  4592 | D:6      | Reached skill level 8 in Stealth
  4761 | D:6      | Found a staircase to the Ecumenical Temple.
  4898 | D:6      | Reached skill level 9 in Stealth
  5067 | D:7      | Noticed a hippogriff
  5077 | D:7      | Reached **** piety under Trog
  5093 | D:7      | Killed a hippogriff
  5132 | D:7      | Reached skill level 10 in Stealth
  5144 | D:7      | Reached XP level 10. HP: 48/61 MP: 10/10
  5269 | D:7      | Noticed Menkaure
  5283 | D:7      | Killed Menkaure
  5440 | D:7      | Found a glowing silver altar of Zin.
  5440 | D:7      | Found an ancient bone altar of Kikubaaqudgha.
  5538 | D:7      | Reached skill level 11 in Stealth
  5579 | D:7      | Noticed Joseph
  5597 | D:7      | Killed Joseph
  5602 | D:7      | Found an opulent altar of Gozag.
  6160 | D:8      | Reached skill level 12 in Stealth
  6276 | D:8      | Noticed a komodo dragon
  6299 | D:8      | Killed a komodo dragon
  6324 | D:8      | Noticed a brown ugly thing
  6440 | D:8      | Killed a brown ugly thing
  6477 | D:8      | Reached XP level 11. HP: 51/68 MP: 11/11
  6687 | D:8      | Found a staircase to the Lair.
  6838 | D:9      | Found an iron altar of Okawaru.
  6889 | D:9      | Reached skill level 13 in Stealth
  6957 | D:9      | Found a deep blue altar of Sif Muna.
  7422 | D:9      | Found a blossoming altar of Fedhas.
  7715 | D:10     | Entered Level 10 of the Dungeon
  7884 | D:10     | Noticed a hill giant
  7904 | D:10     | Killed a hill giant
  7904 | D:10     | Reached ***** piety under Trog
  8083 | D:10     | Reached skill level 14 in Stealth
  8146 | D:10     | Found a staircase to the Orcish Mines.
  8459 | Orc:1    | Entered Level 1 of the Orcish Mines
  8543 | D:9      | Got an encrusted ring mail
  8600 | D:6      | Got a fine ring mail
  8656 | D:5      | Got a faintly humming scale mail
  8667 | D:5      | Identified the +5 ring mail "Xabun" {rF+} (You found it on level 9 of the Dungeon)
  8677 | D:5      | Identified the cursed +1 ring mail of Dytueff {MR- rCorr MP+9 SInv} (You found it on level 6 of the Dungeon)
  8688 | D:5      | Identified the cursed +1 scale mail of the Bagpipe {Regen+ Str-5 Dex+4} (You found it on level 5 of the Dungeon)
  8776 | Lair:1   | Entered Level 1 of the Lair of Beasts
  8986 | Lair:1   | Reached skill level 15 in Stealth
  9220 | Lair:1   | Reached XP level 12. HP: 76/76 MP: 12/12
  9247 | Lair:1   | Noticed a five-headed hydra
  9252 | Lair:1   | Killed a five-headed hydra
  9252 | Lair:1   | Reached skill level 16 in Stealth
  9646 | Lair:2   | Noticed a four-headed hydra
  9654 | Lair:2   | Killed a four-headed hydra
  9736 | Lair:2   | Reached skill level 17 in Stealth
 10462 | Lair:3   | Noticed Gastronok
 10485 | Lair:3   | Killed Gastronok
 10703 | Lair:3   | Noticed a catoblepas
 10979 | Lair:3   | Reached XP level 13. HP: 81/81 MP: 13/13
 11153 | Lair:3   | Reached skill level 18 in Stealth
 11325 | Lair:3   | Found a staircase to the Shoals.
 11443 | Lair:3   | Reached skill level 10 in Fighting
 11467 | Lair:3   | Killed a catoblepas
 11710 | Lair:4   | Reached skill level 10 in Dodging
 11716 | Lair:4   | Noticed Josephine
 11880 | Lair:4   | Killed Josephine
 11919 | Lair:4   | Noticed Harold
 11960 | Lair:4   | Killed Harold
 12043 | Lair:4   | Found a hole to the Spider Nest.
 12198 | Lair:4   | Noticed Nergalle
 12317 | Lair:4   | Reached skill level 1 in Evocations
 12399 | Lair:4   | Killed Nergalle
 12726 | Lair:5   | Reached skill level 15 in Short Blades
 12755 | Lair:5   | Noticed a four-headed hydra
 12759 | Lair:5   | Killed a four-headed hydra
 12913 | Lair:5   | Reached XP level 14. HP: 90/90 MP: 9/14
 13014 | Lair:5   | Reached skill level 19 in Stealth
 13532 | Lair:6   | Entered Level 6 of the Lair of Beasts
 13731 | Lair:6   | Found a staircase to the Slime Pits.
 13795 | Lair:6   | Reached skill level 20 in Stealth
 14406 | Lair:6   | Noticed a dire elephant
 14434 | Lair:6   | Killed a dire elephant
 14992 | Lair:6   | Reached XP level 15. HP: 96/96 MP: 15/15
 14993 | Lair:6   | Found a burning altar of Makhleb.
 15444 | Lair:6   | Found a gateway to Hell.
 15459 | Lair:6   | Received a gift from Trog
 15736 | Orc:1    | Noticed Vajrapani's ghost (journeyman DrTm)
 15795 | Orc:1    | Killed Vajrapani's ghost
 15888 | Orc:1    | Found a roughly hewn altar of Beogh.
 15919 | Orc:1    | Noticed an orc warlord
 16301 | Orc:1    | Killed an orc warlord
 16531 | Orc:1    | Found a burning altar of Makhleb.
 16616 | Orc:2    | Entered Level 2 of the Orcish Mines
 16685 | Orc:2    | Found a staircase to the Elven Halls.
 16908 | Orc:2    | Received a gift from Trog
 17394 | Orc:2    | Noticed an orc warlord
 17611 | Orc:2    | Reached skill level 21 in Stealth
 17698 | Orc:2    | Found a roughly hewn altar of Beogh.
 17880 | Orc:2    | Killed an orc warlord
 17896 | Orc:2    | Found Ruetziwn's Antique Armour Emporium.
 17909 | Orc:2    | Received a gift from Trog
 17917 | Orc:2    | Found Tymuwky's Antique Weapon Emporium.
 17944 | Orc:2    | Bought a glowing cloak for 220 gold pieces
 17944 | Orc:2    | Bought a pair of glowing gloves for 220 gold pieces
 17974 | Orc:2    | Found Yzaposh's Jewellery Emporium.
 18140 | Orc:2    | Found Houcit's General Store.
 19038 | D:12     | Noticed Rupert
 19039 | D:12     | Killed Rupert
 19088 | D:12     | Received a gift from Trog
 19116 | D:12     | You fall through a shaft for 2 floors!
 19282 | D:12     | HP: 1/147 [steam dragon/ball of steam (11)]
 19287 | D:12     | HP: 2/147 [something (1)]
 19299 | D:12     | Annihilated by a white ugly thing

Skill      XL: |  1  2  3  4  5  6  7  8  9 10 11 12 13 14 15 |
---------------+----------------------------------------------+-----
Stealth        | 1 2 3 4 5 7 10 12 15 17 18 20 21 | 21.3
Short Blades   | 5 6 7 9 10 11 12 13 15 16 | 16.3
Fighting       | 4 5 6 7 9 11 12 13 | 13.1
Dodging        | 3 4 5 6 8 9 11 13 | 13.4
Evocations     | 1 3 |  3.9
Armour         | |  1.5

Action                   |  1- 3 |  4- 6 |  7- 9 | 10-12 | 13-15 || total
-------------------------+-------+-------+-------+-------+-------++-------
Melee: Short sword       |    73 |   237 |    20 |       |       ||   330
       Dagger            |       |       |   204 |   522 |    53 ||   779
       Rapier            |       |       |       |   220 |  1264 ||  1484
       Quick blade       |       |       |       |       |     8 ||     8
Invok: Berserk           |     1 |     5 |     8 |     6 |    16 ||    36
       Trog's Hand       |       |     1 |     6 |    18 |    36 ||    61
       Burn Spellbooks   |       |       |       |     4 |     1 ||     5
Evoke: Wand              |       |       |       |     2 |    33 ||    35
  Use: Scroll            |     6 |     5 |     9 |    17 |    13 ||    50
       Potion            |     6 |     1 |     3 |     1 |     4 ||    15
 Stab: Sleeping          |     5 |     8 |    11 |    39 |    45 ||   108
       Distracted        |       |       |       |     2 |     4 ||     6
       Paralysed         |       |       |       |       |     2 ||     2
  Eat: Chunk             |     7 |     8 |    17 |    26 |    57 ||   115
       Meat ration       |       |       |       |     1 |       ||     1
Armor: Animal skin       |     7 |    18 |       |       |       ||    25
       Leather armour    |       |    20 |    15 |    43 |       ||    78
       Ring mail         |       |       |       |    34 |   179 ||   213
Dodge: Dodged            |    58 |   129 |   117 |   437 |   903 ||  1644
